 Dungeon Crawl Stone Soup version 0.27.1-33-g824d729ab1 (webtiles) character file.

Game seed: 13967879906294676432

53 Gabide the Poker (level 4, -1/35 HPs)
             Began as a Human Monk on Nov 26, 2021.
             Slain by a water moccasin (6 damage)
             ... on level 2 of the Dungeon.
             The game lasted 00:03:49 (1833 turns).

Gabide the Poker (Human Monk)                       Turns: 1833, Time: 00:03:50

Health: -1/35      AC:  9    Str: 12    XL:     4   Next: 11%
Magic:  4/4        EV: 11    Int: 10    God:
Gold:   71         SH:  0    Dex: 16    Spells: 3/3 levels left

rFire    . . .     SeeInvis .   a - +0 spear
rCold    . . .     Faith    .   (no shield)
rNeg     . . .     Spirit   .   c - +0 ring mail
rPois    .         Reflect  .   (no helmet)
rElec    .         Harm     .   (no cloak)
rCorr    .         Rampage  .   (no gloves)
Will     .....                  (no boots)
Stlth    +.........             (no amulet)
HPRegen  0.11/turn              b - +4 ring of protection
MPRegen  0.09/turn              (no ring)

@: hasted, very quick
A: no striking features
a: no special abilities


You were on level 2 of the Dungeon.
You visited 1 branch of the dungeon, and saw 3 of its levels.

You collected 71 gold pieces.

Inventory:

Hand Weapons
 a - a +0 spear (weapon)
Armour
 c - a +0 ring mail (worn)
Jewellery
 b - a +4 ring of protection (left hand)
Scrolls
 g - a scroll of identify


   Skills:
 + Level 3.3 Fighting
 + Level 3.5 Polearms
 * Level 1.5 Armour
 + Level 3.3 Dodging
 + Level 2.1 Stealth


You had 3 spell levels left.
You didn't know any spells.
Your spell library was empty.

Dungeon Overview and Level Annotations

Branches:
Dungeon (3/15)

Altars:


Message History

You closely miss the water moccasin.
The water moccasin is severely wounded.
The water moccasin bites you.
* * * LOW HITPOINT WARNING * * *
You hit the water moccasin.
The water moccasin is severely wounded.
The water moccasin misses you.
You hit the water moccasin but do no damage.
The water moccasin is severely wounded.
The water moccasin closely misses you.
You miss the water moccasin.
The water moccasin is severely wounded.
The water moccasin bites you but does no damage.
You barely miss the water moccasin.
The water moccasin is severely wounded.
You barely miss the water moccasin.
The water moccasin is severely wounded.
The water moccasin closely misses you.
You barely miss the water moccasin.
The water moccasin is severely wounded.
The water moccasin bites you.
* * * LOW HITPOINT WARNING * * *
You closely miss the water moccasin.
The water moccasin is severely wounded.
The water moccasin barely misses you.
You hit the water moccasin but do no damage.
The water moccasin is severely wounded.
You closely miss the water moccasin.
The water moccasin is severely wounded.
The water moccasin bites you but does no damage.
You miss the water moccasin.
The water moccasin is severely wounded.
The water moccasin barely misses you.
You hit the water moccasin.
The water moccasin is severely wounded.
The water moccasin bites you but does no damage.
You miss the water moccasin.
The water moccasin is severely wounded.
The water moccasin bites you.
You die...

#..# #.# #.# #.....# #####..###.#
#.# #.###.# #..........#
#.###.###.# #.###..###.#
#.......... ########รท###..###.#
#####.###.#
#......#.#.....##.#######.###.#
#.####.#.#<###.##.##..........#
###.# #.....# #.##..............
....# ###.#.###@##.###.######..#
##..######.......S..###.## #.>.
.........................# ##.#
.......###<....#.######..######.#
...........###.#................#
.##.#####..# #..................#
.##.######.###.################.#
.........#.....# #.#
..#.####.###.### #.#


You could see a water moccasin.

Vanquished Creatures
  An adder (D:2)
  A worm (D:2)
  A dart slug (D:3)
  6 ball pythons
  2 bats
  4 endoplasms
  3 giant cockroaches
  4 goblins
  3 hobgoblins
  3 jackals (D:2)
  2 quokkas
  A frilled lizard (D:1)
  A kobold (D:1)
  2 rats
34 creatures vanquished.

Notes
Turn   | Place    | Note
-------+----------+-------------------------------------------
     0 | D:1      | Gabide the Human Monk began the quest for the Orb.
     0 | D:1      | Reached XP level 1. HP: 18/18 MP: 1/1
   286 | D:1      | Reached XP level 2. HP: 18/24 MP: 2/2
   968 | D:2      | Reached XP level 3. HP: 29/29 MP: 3/3
   993 | D:2      | Reached skill level 1 in Armour
  1316 | D:2      | Reached XP level 4. HP: 30/35 MP: 4/4
  1539 | D:2      | Found a faded altar of an unknown god.
  1784 | D:3      | Noticed a water moccasin
  1833 | D:2      | Slain by a water moccasin

Illustrated notes

Levels and vault maps discovered:
D:1:      elethiomel_arrival_maze, layout_loops_ring
D:2:      layout_loops_ring, shapermc_ecumenical_altar_totnotflames,
          hangedman_decor_riveting
D:3:      layout_rooms, amethyst_overflow_temple_binary,
          mainiacjoe_overflow_chevrons

Skill      XL: |  1  2  3 |
---------------+----------+-----
Armour         | 1 |  1.5
Fighting       | |  3.3
Polearms       | |  3.5
Dodging        | |  3.3
Stealth        | |  2.1

Action                   |  1- 3 |  4- 6 || total
-------------------------+-------+-------++-------
Melee: Spear             |   138 |    44 ||   182
  Use: Scroll            |     4 |       ||     4
       Potion            |     2 |     4 ||     6
 Stab: Sleeping          |     2 |     1 ||     3
Armor: Ring mail         |    37 |    15 ||    52
Dodge: Dodged            |    67 |    12 ||    79
